 Dungeon Crawl Stone Soup version 0.28.0 (webtiles) character file.

Game seed: 8423205059765472954

53 PoweredByGinger the Chopper (level 3, -5/21 HPs)
             Began as a Gargoyle Gladiator on Feb 5, 2022.
             Slain by a gnoll (8 damage)
             ... on level 2 of the Dungeon.
             The game lasted 00:01:40 (1671 turns).

PoweredByGinger the Chopper (Gargoyle Gladiator)    Turns: 1671, Time: 00:01:40

Health: -5/21      AC:  7    Str: 19    XL:     3   Next: 87%
Magic:  3/3        EV: 12    Int:  8    God:
Gold:   68         SH:  0    Dex: 17    Spells: 2/2 levels left

rFire   . . .      SeeInvis +   a - +0 war axe
rCold   . . .      Faith    .   (no shield)
rNeg    + . .      Spirit   .   b - +0 leather armour
rPois   ∞          Reflect  .   c - +0 helmet
rElec   +          Harm     .   (no cloak)
rCorr   .          Rampage  .   (no gloves)
Will    .....                   (no boots)
Stlth   +.........              (no amulet)
HPRegen 0.07/turn               m - +6 ring of dexterity
MPRegen 0.08/turn               j - ring of see invisible

@: no status effects
A: sickness immunity, AC +3, negative energy resistance 1, electricity
resistance, torment resistance 1, petrification resistance
a: no special abilities


You were on level 2 of the Dungeon.
You visited 1 branch of the dungeon, and saw 3 of its levels.

You collected 68 gold pieces.

Inventory:

Hand Weapons
 a - a +0 war axe (weapon)
Missiles
 d - 3 throwing nets (quivered)
 o - 3 poisoned darts
 p - 19 bolts
Armour
 b - a +0 leather armour (worn)
 c - a +0 helmet (worn)
Jewellery
 j - a ring of see invisible (right hand)
 m - a +6 ring of dexterity (left hand)
Scrolls
 e - a scroll of silence {unknown}
 h - a scroll of immolation {unknown}
 k - a scroll of amnesia {unknown}
 l - 4 scrolls of identify {unknown}
 n - a scroll of torment {unknown}
Potions
 f - a potion of heal wounds {unknown}
 g - a potion of flight {unknown}
 i - 2 potions of magic {unknown}
 q - a potion of lignification {unknown}


   Skills:
 - Level 2.1 Fighting
 + Level 4.0 Axes
 - Level 1.7 Throwing
 + Level 1.1 Armour
 - Level 2.4 Dodging


You had 2 spell levels left.
You didn't know any spells.
Your spell library was empty.

Dungeon Overview and Level Annotations

Branches:
Dungeon (3/15)

Altars:


Innate Abilities, Weirdness & Mutations

You are immune to sickness and miasma.
Your stone body is resilient. (AC +3)
You are immune to poison.
You resist negative energy. (rN+)
You are resistant to electric shocks. (rElec)
You are resistant to unholy torment.
You are immune to petrification.


Message History

You barely miss the gnoll.
The quokka bites you but does no damage.
The gnoll hits you but does no damage.
You barely miss the quokka. You punch the quokka.
The quokka is almost dead.
You closely miss the gnoll.
The quokka bites you but does no damage.
The gnoll misses you.
The quokka bites you but does no damage.
You hit the quokka but do no damage.
The quokka is almost dead.
You hit the gnoll. The gnoll closely misses you. The quokka closely misses you.
The gnoll misses you.
Unknown command.
You barely miss the quokka.
The quokka is almost dead.
You hit the gnoll. The quokka closely misses you. The gnoll closely misses you.
The quokka closely misses you.
You closely miss the gnoll.
The gnoll is almost dead.
You hit the quokka.
You kill the quokka!
The gnoll completely misses you.
You hit the gnoll but do no damage.
The gnoll is almost dead.
The gnoll hits you with a +0 flail. x2
You are too injured to fight recklessly!
You are too injured to fight recklessly!
You are too injured to fight recklessly!
You hit the gnoll but do no damage.
The gnoll is almost dead.
The gnoll hits you with a +0 flail.
You closely miss the gnoll.
The gnoll is almost dead.
The gnoll hits you with a +0 flail.
* * * LOW HITPOINT WARNING * * *
You barely miss the gnoll.
The gnoll is almost dead.
The gnoll hits you with a +0 flail!
You die...

#########################
#.....##@g...............
#.....##.................
#.....##.################
#..........#
#.......†..#####
#####..........#
###..........#
#............#
####...##########


You could see a gnoll.

Vanquished Creatures
  2 adders (D:2)
  A dart slug (D:1)
  2 endoplasms
  2 giant cockroaches (D:1)
  4 goblins
  2 hobgoblins
  2 jackals (D:2)
  3 quokkas
  2 ball pythons (D:1)
  3 bats
  2 frilled lizards (D:1)
  5 kobolds
  A rat (D:2)
31 creatures vanquished.

Notes
Turn   | Place    | Note
-------+----------+-------------------------------------------
     0 | D:1      | PoweredByGinger the Gargoyle Gladiator began the quest for
                  | the Orb.
     0 | D:1      | Reached XP level 1. HP: 12/12 MP: 1/1
    54 | D:1      | Reached skill level 3 in Axes
   218 | D:1      | Reached XP level 2. HP: 17/17 MP: 2/2
   997 | D:1      | Found a faded altar of an unknown god.
  1142 | D:2      | Reached XP level 3. HP: 21/21 MP: 3/3
  1197 | D:2      | Reached skill level 1 in Armour
  1515 | D:2      | Reached skill level 4 in Axes
  1671 | D:2      | Slain by a gnoll

Illustrated notes

Levels and vault maps discovered:
D:1:      shiori_arrival_maze, layout_loops_corners,
          hellmonk_ecumenical_altar_inner_sanctum, palyth_stone_intersect,
          hangedman_decor_push
D:2:      layout_basic, item_on_display_a
D:3:      layout_basic, gammafunk_temple_overflow_pools

Skill      XL: |  1  2  3 |
---------------+----------+-----
Axes           | 3 4 |  4.0
Armour         | 1 |  1.1
Fighting       | |  2.1
Throwing       | |  1.7
Dodging        | |  2.4

Action                   || total
-------------------------++-------
Melee: War axe           ||    91
       Punch             ||     2
Armor: Leather armour    ||    43
Dodge: Dodged            ||    80
